 Dungeon Crawl Stone Soup version 0.31-a0-542-gdc2a67831c (webtiles) character file.

Game seed: 16402450658383863439

569 Twinkles the Ruffian (level 7, -3/67 HPs)
             Began as a Troll Shapeshifter on Aug 14, 2023.
             Shot with an arrow by a centaur (17 damage)
             ... on level 5 of the Dungeon on Aug 15, 2023.
             The game lasted 00:07:46 (3870 turns).

Twinkles the Ruffian (Troll Shapeshifter)           Turns: 3870, Time: 00:07:47

Health: -3/67      AC:  4    Str: 26    XL:     7   Next: 11%
Magic:  6/6        EV: 10    Int:  4    God:
Gold:   253        SH:  0    Dex: 10    Spells: 6/6 levels left

rFire   . .          .
                       - Unarmed
rCold   . . .        (no shield)
rNeg    . . .        a - +0 animal skin
rPois   .            (helmet currently unavailable)
rElec   .            (cloak currently unavailable)
rCorr   .            (gloves unavailable)
SInv    .            (boots unavailable)
Will    .....        (no amulet)
Stlth   +            (no ring)
HPRegen 1.11/turn    (no ring)
MPRegen 0.10/turn

%: no passive effects
@: beast-form
A: beast (slay +3), large, unfitting armour, claws 3, regeneration 1, shaggy fur
1, tough skin 1
a: Begin Untransformation


You were on level 5 of the Dungeon.
You were a hulking beast.
You visited 1 branch of the dungeon, and saw 5 of its levels.

You collected 253 gold pieces.

Inventory:

Hand Weapons
 b - a +4 dagger
 m - a +3 dagger
 p - a +0 dagger of venom
Missiles
 n - 3 curare-tipped darts
 q - 5 javelins
Armour
 a - a +0 animal skin (worn)
Jewellery
 g - an amulet of magic regeneration
Talismans
 c - a beast talisman (active)
 d - a flux talisman
 y - a talisman of death
 z - a maw talisman
Wands
 t - a wand of roots (14)
Scrolls
 f - a scroll of butterflies {unknown}
 h - 3 scrolls of fear {unknown}
 i - a scroll of immolation {unknown}
 k - 2 scrolls of teleportation {unknown}
 l - 2 scrolls of enchant weapon {unknown}
 r - 3 scrolls of noise {unknown}
 u - 3 scrolls of identify {unknown}
 x - a scroll of vulnerability {unknown}
Potions
 e - 4 potions of degeneration {unknown}
 j - 2 potions of brilliance {unknown}
 o - 2 potions of might {unknown}
 s - a potion of heal wounds {unknown}
 v - a potion of haste {unknown}
 w - 5 potions of curing {unknown}
 P - 2 potions of lignification


   Skills:
 + Level 3.5 Fighting
 - Level 1.9 Dodging
 + Level 5.2 Unarmed Combat
 + Level 4.6 Shapeshifting


You had 6 spell levels left.
You didn't know any spells.
Your spell library contained the following spells:

 Spells                   Type           Power      Damage    Failure   Level
 Slow                     Hex            0%         N/A       50%         1
 Summon Small Mammal      Summ           0%         N/A       50%         1
 Ensorcelled Hibernation  Hex/Ice        0%         N/A       65%         2
 Passwall                 Tmut/Erth      0%         N/A       65%         2
 Wereblood                Tmut           0%         N/A       65%         2
 Call Canine Familiar     Summ           0%         N/A       86%         3
 Confusing Touch          Hex            0%         N/A       86%         3
 Summon Guardian Golem    Hex/Summ       0%         N/A       86%         3
 Swiftness                Air            0%         N/A       86%         3
 Vampiric Draining        Necr           0%         2d6       86%         3
 Irradiate                Conj/Tmut      0%         3d11      100%        5


Dungeon Overview and Level Annotations

Branches:
Dungeon (5/15) Zot: 26141
 Temple: D:4-7

Altars:
Fedhas
Gozag
Nemelex Xobeh
Uskayaw


Innate Abilities, Weirdness & Mutations

You are a hulking beast.
Your limbs bulge with bestial killing power. (Slay +3)
You are too large for most types of armour.
You have claws for hands.
Your natural rate of healing is unusually fast.
You are covered in fur. (AC +1)
You have tough skin. (AC +1)


Message History

A centaur comes into view.
A phantom comes into view.
The centaur wields a +0 orcbow.
The centaur shoots an arrow.
The arrow barely misses you.
There is an open door here.
The ogre attacks as you move away!
The ogre hits you with a +0 giant club!!
You claw the ogre!
The ogre is heavily wounded.
The ogre barely misses you.
You claw the ogre!
The ogre is severely wounded.
You claw the ogre!
You kill the ogre!
Your Unarmed Combat skill increases to level 5!
You miss the phantom. You claw the phantom.
The phantom is lightly damaged.
The phantom barely misses you.
You miss the phantom.
The phantom is lightly damaged.
The phantom hits you.
The phantom blinks!
You blink.
You claw the phantom!
The phantom is heavily damaged.
The phantom hits you.
The phantom blinks!
You blink.
You scratch the phantom.
The phantom is severely damaged.
The phantom barely misses you.
You barely miss the phantom.
The phantom is severely damaged.
The centaur shoots an arrow.
The arrow closely misses you.
You claw the phantom!
You destroy the phantom!
The centaur shoots an arrow.
The arrow hits you!
You have reached level 7!
The centaur shoots an arrow.
The arrow hits you!
The centaur shoots an arrow.
The arrow hits you!!
* * * LOW HITPOINT WARNING * * *
The centaur shoots an arrow.
The arrow hits you but does no damage.
The centaur shoots an arrow.
The arrow hits you!
You die...

#.###.W.c#....#
##.#.###.'c...#
##)## ####..#'#
#.# ## ####.##
#...c.# #.##..#
#.##..##
##...h>.#### #
#..........+ +
#.......#### #
#......##
##...### ##.##
#.# #+# #.# #.#
#.# #.#


You could see a centaur.

Vanquished Creatures
  A black bear (D:4)
  An ogre (D:5)
  A phantom (D:5)
  An orc priest (D:3)
  An iguana (D:5)
  A sleepcap (D:4)
  An orc wizard (D:3)
  Robin (D:4)
  8 adders
  A worm (D:2)
  A dart slug (D:1)
  9 orcs (D:3)
  7 endoplasms
  2 giant cockroaches
  13 goblins
  16 hobgoblins
  5 jackals
  4 quokkas
  14 ball pythons
  7 bats
  3 frilled lizards
  11 kobolds
  9 rats
118 creatures vanquished.

Notes
Turn   | Place    | Note
-------+----------+-------------------------------------------
     0 | D:1      | Twinkles the Troll Shapeshifter began the quest for the
                  | Orb.
     0 | D:1      | Reached XP level 1. HP: 18/18 MP: 0/0
   146 | D:1      | Reached skill level 1 in Fighting
   263 | D:1      | Reached XP level 2. HP: 23/27 MP: 1/1
   876 | D:2      | HP: 7/27 [goblin/+3 dagger (2)]
   879 | D:2      | Reached XP level 3. HP: 8/33 MP: 2/2
   881 | D:2      | HP: 7/33 [poisoned by a goblin (curare-tipped dart)]
  1050 | D:2      | Reached XP level 4. HP: 42/42 MP: 3/3
  1842 | D:3      | Found a blossoming altar of Fedhas.
  1989 | D:3      | Reached skill level 4 in Unarmed Combat
  2063 | D:3      | Reached XP level 5. HP: 42/50 MP: 4/4
  2168 | D:3      | Noticed a +0 dagger
  2168 | D:3      | Noticed a +0 hand axe
  2170 | D:3      | Found a hide-covered altar of Uskayaw.
  2221 | D:3      | Found a faded altar of an unknown god.
  2705 | D:4      | Noticed Robin
  2734 | D:4      | Killed Robin
  2926 | D:4      | Noticed a black bear
  3052 | D:4      | Reached XP level 6. HP: 57/59 MP: 5/5
  3240 | D:4      | Found a sparkling altar of Nemelex Xobeh.
  3240 | D:4      | Found an opulent altar of Gozag.
  3600 | D:5      | Entered Level 5 of the Dungeon
  3862 | D:5      | Reached skill level 5 in Unarmed Combat
  3868 | D:5      | Reached XP level 7. HP: 43/67 MP: 6/6
  3868 | D:5      | HP: 12/67 [centaur/arrow (18)]
  3870 | D:5      | Shot with an arrow by a centaur

Illustrated notes

Levels and vault maps discovered:
D:1:      grunt_arrival_crossed_arrows, layout_basic
D:2:      minmay_thinvault, layout_basic, kennysheep_nondescript
D:3:      cheibrodos_pilgrimage, layout_basic, dancing_weapons_uskayaw,
          general_overflow_altar, hellmonk_ecumenical_altar_slurped_away,
          chequers_serial_rivers_large_b, roderic_serpentine_path
D:4:      layout_loops_ring, grunt_temple_overflow_opulence, uniq_robin
D:5:      minmay_bubble_buster, layout_loops_corners,
          minmay_temple_entry_from_below_a, ebering_ghost_sewer_d,
          dk_rats_in_the_wall

Skill      XL: |  1  2  3  4  5  6 |
---------------+-------------------+-----
Fighting       | 1 2 3 |  3.5
Unarmed Combat | 4 5 |  5.2
Shapeshifting  | 4 |  4.6
Dodging        | |  1.9

Action                     |  1- 3 |  4- 6 |  7- 9 || total
---------------------------+-------+-------+-------++-------
  Melee: Unarmed           |    88 |   159 |       ||   247
         Punch             |       |     3 |       ||     3
   Stab: Sleeping          |     2 |     1 |       ||     3
 Armour: Animal skin       |    31 |    44 |     1 ||    76
  Dodge: Dodged            |    50 |    69 |       ||   119

Table legend: (Time is in decaauts)
 A = Elapsed time spent in this place.
 B = Non-inter-level travel time spent in this place.
 C = Inter-level travel time spent in this place.
 D = Time resting spent in this place.
 E = Time spent auto-exploring this place.
 F = Levels seen in this place.
 G = Mean time per level.
                   A        B        C        D        E       F      G
               +--------+--------+--------+--------+--------+-----+--------+
         Total |   3857 |   3687 |    170 |      6 |   2960 |   5 |  771.4 |
       Dungeon |   3857 |   3687 |    170 |      6 |   2960 |   5 |  771.4 |
               +--------+--------+--------+--------+--------+-----+--------+

Top non-repeatable levels by time:
     D:2: 1068 daAuts
     D:3: 949 daAuts
     D:4: 871 daAuts
     D:1: 699 daAuts
     D:5: 268 daAuts
